 Dungeon Crawl Stone Soup version 0.30-a0-622-gddc90eaa04 (webtiles) character file.

Game seed: 3315523135165883151

208 zazu2006 the Magician (level 5, -3/42 HPs)
             Began as a Naga Hedge Wizard on Jan 11, 2023.
             Was an Initiate of Vehumet.
             Slain by Grinder (8 damage)
             ... while paralysed by Grinder
             ... on level 4 of the Dungeon.
             The game lasted 00:11:06 (4132 turns).

zazu2006 the Magician (Naga Hedge Wizard)           Turns: 4132, Time: 00:11:07

Health: -3/42      AC:  7    Str: 12    XL:     5   Next: 86%
Magic:  1/11       EV:  1    Int: 16    God:    Vehumet [......]
Gold:   169        SH:  0    Dex: 11    Spells: 7/13 levels left

rFire   . . .      SeeInvis +    n - +0 long sword
rCold   . . .      Faith    .    (no shield)
rNeg    . . .      Spirit   .    b - +0 robe
rPois   +          Reflect  .    c - +0 hat
rElec   .          Harm     .    e - +0 cloak
rCorr   .          Rampage  .    (no gloves)
Will    .....                    (no barding)
Stlth   ++                       (no amulet)
HPRegen 0.27/turn                l - +4 ring of protection
MPRegen 0.12/turn                (no ring)

@: paralysed, very slow
A: AC +1, large, see invisible, deformed body, poison resistance, slowness 2,
spit poison 1, naga tail 1
a: Spit Poison, Renounce Religion


You were on level 4 of the Dungeon.
You worshipped Vehumet.
Vehumet was noncommittal.
You visited 2 branches of the dungeon, and saw 5 of its levels.

You collected 169 gold pieces.

Inventory:

Hand Weapons
 a - a +0 dagger
 n - a +0 long sword (weapon)
Missiles
 f - 69 stones
 h - 11 poisoned darts
Armour
 b - a +0 robe (worn)
 c - a +0 hat (worn)
 e - a +0 cloak (worn)
Jewellery
 l - a +4 ring of protection (left hand)
Scrolls
 g - 2 scrolls of identify
 i - 2 scrolls of teleportation {unknown}
 k - 2 scrolls of fog {unknown}
 o - a scroll of immolation {unknown}
 p - a scroll of amnesia
 r - a scroll of blinking {unknown}
Potions
 d - 4 potions of magic
 j - 2 potions of curing
 s - a potion of flight


   Skills:
 + Level 0.2 Fighting
 + Level 0.2 Long Blades
 + Level 1.8 Dodging
 + Level 3.8 Stealth
 + Level 4.5 Spellcasting
 + Level 2.0 Conjurations
 + Level 1.0 Summonings
 + Level 1.0 Translocations
 + Level 0.3 Air Magic
 * Level 3.2 Poison Magic


You had 7 spell levels left.
You knew the following spells:

 Your Spells              Type           Power      Damage    Failure   Level
a - Magic Dart            Conj           40%        1d5       7%          1
b - Mephitic Cloud        Conj/Pois/Air  9%         N/A       22%         3
d - Blink                 Tloc           12%        N/A       16%         2

Your spell library contained the following spells:

 Spells                   Type           Power      Damage    Failure   Level
 Cigotuvi's Dreadful Rot  Necr/Pois/Air  14%        N/A       14%         2
 Slow                     Hex            12%        N/A       16%         1
 Call Imp                 Summ           6%         N/A       16%         2


Dungeon Overview and Level Annotations

Branches:
Dungeon (4/15)             Temple (1/1) D:4

Altars:
Cheibriados
Fedhas
Gozag
Kikubaaqudgha
Makhleb
Okawaru
Ru
Trog
Uskayaw
Vehumet
Xom
Yredelemnul
Zin

Shops:
D:2 =   D:4 :

Annotations:
D:4 Edmund, Grinder


Innate Abilities, Weirdness & Mutations

Your serpentine skin is tough. (AC +1)
You have supernaturally acute eyesight. (SInv)
Armour fits poorly on your strangely shaped body.
Your system is resistant to poisons. (rPois)
You cover ground very slowly.
You can spit poison.
You have a snake-like lower body.


Message History

The magic dart hits Grinder.
Grinder is severely wounded.
Unknown command.
Unknown command.
Casting: Magic Dart (safe; 7% risk of failure)
Confirm with . or Enter, or press ? or * to list all spells.
You don't have enough magic to cast this spell.
Unknown command.
Unknown command.
You hit Grinder but do no damage.
Grinder is severely wounded.
Grinder hits you.
You barely miss Grinder.
Grinder is severely wounded.
Grinder hits you.
You slash Grinder!
Grinder is almost dead.
Grinder gestures at you. You resist with some effort.
You hit Grinder but do no damage.
Grinder is almost dead.
Your extra speed is starting to run out.
Grinder misses you.
You closely miss Grinder.
Grinder is almost dead.
Grinder gestures at you.
You suddenly lose the ability to move!
Grinder hits you.
* * * LOW HITPOINT WARNING * * *
You writhe in agony.
* * * LOW HITPOINT WARNING * * *
Grinder gestures at you.
You struggle to resist.
Grinder hits you.
* * * LOW HITPOINT WARNING * * *
You writhe in agony.
* * * LOW HITPOINT WARNING * * *
You feel yourself slow down. Grinder hits you!
You die...

...##...##....##......
...##...##...## #....
.............# ...
......>......# ..#
.............# ..#
.รท.##...##...####..##
...##...##.#...#....##
...........#..#......#
.####.........#.@...##
. #.......#..5...##
#.......#####..#
........# .##
........# ##
.#......##


You could see Grinder.

Vanquished Creatures
  An orc priest (D:3)
  An orc wizard (D:2)
  A gnoll (D:4)
  6 adders
  An ufetubus (D:4)
  3 worms (D:2)
  3 dart slugs
  2 orcs
  4 endoplasms
  4 giant cockroaches
  5 goblins
  10 hobgoblins
  5 jackals
  2 quokkas
  5 ball pythons
  4 bats
  3 frilled lizards
  5 kobolds
  4 rats
69 creatures vanquished.

Notes
Turn   | Place    | Note
-------+----------+-------------------------------------------
     0 | D:1      | zazu2006 the Naga Hedge Wizard began the quest for the Orb.
     0 | D:1      | Reached XP level 1. HP: 15/15 MP: 4/4
   216 | D:1      | Reached XP level 2. HP: 22/22 MP: 6/6
   571 | D:1      | Reached XP level 3. HP: 28/28 MP: 4/8
   575 | D:1      | Learned a level 3 spell: Mephitic Cloud
   578 | D:1      | Learned a level 2 spell: Blink
  1232 | D:1      | Reached skill level 4 in Spellcasting
  1822 | D:2      | Found Mealo's Jewellery Emporium.
  2000 | D:2      | Reached XP level 4. HP: 36/36 MP: 6/10
  2727 | D:3      | Found a faded altar of an unknown god.
  2765 | D:3      | Reached skill level 1 in Poison Magic
  2975 | D:3      | Reached XP level 5. HP: 31/42 MP: 7/11
  3744 | D:4      | Noticed a water moccasin
  3761 | D:4      | Found Hiotuex's Tremendous Tomes.
  3803 | D:4      | Found a staircase to the Ecumenical Temple.
  3825 | Temple   | Entered the Ecumenical Temple
  3953 | Temple   | Became a worshipper of Vehumet
  3995 | D:4      | Noticed Edmund
  4018 | D:4      | Noticed Grinder
  4100 | D:4      | Paralysed by Grinder for 3 turns
  4128 | D:4      | Paralysed by Grinder for 4 turns
  4132 | D:4      | Slain by Grinder

Illustrated notes

Levels and vault maps discovered:
D:1:      saegor_arrival_simple_b, layout_loops_ring, nrook_loot_triangle
D:2:      layout_loops_ring, serial_shops, shop, serial_co_window_serial,
          co_window_of_opportunity_a, co_window_cross_1, co_window_paths_b,
          co_window_corner_a, co_window_paths_b, co_window_of_opportunity_b,
          co_window_cross_3, co_window_unsneaky_path_e, co_window_4corner_b,
          glass_columns_c
D:3:      layout_basic, basic_ecumenical_altar, minmay_misc_feat_rows,
          corexii_shack
D:4:      layout_cave_pools, minmay_temple_entry_stoned_glass,
          serial_column_ruins, column_ruins_hut_pillars, column_ruins_hut,
          column_ruins_grid_3, column_ruins_open_small, column_ruins_open_tiny,
          column_ruins_columns_straight, column_ruins_grid_3,
          column_ruins_grid_1, column_ruins_columns_straight,
          nicolae_shop_i_like_big_books, uniq_grinder, uniq_menkaure,
          uniq_edmund, uniq_natasha
Temple:   nicolae_temple_two_arcs

Skill      XL: |  1  2  3  4  5 |
---------------+----------------+-----
Spellcasting   | 4 |  4.5
Poison Magic   | 2 3 |  3.2
Conjurations   | 2 |  2.0
Fighting       | |  0.2
Long Blades    | |  0.2
Dodging        | |  1.8
Stealth        | |  3.8
Summonings     | |  1.0
Translocations | |  1.0
Air Magic      | |  0.3

Action                   |  1- 3 |  4- 6 || total
-------------------------+-------+-------++-------
Melee: Dagger            |    25 |     4 ||    29
       Long sword        |       |    37 ||    37
 Cast: Magic Dart        |    97 |    92 ||   189
       Mephitic Cloud    |     2 |     7 ||     9
       Blink             |       |     1 ||     1
 Abil: Spit Poison       |    16 |     8 ||    24
  Use: Scroll            |       |     5 ||     5
       Potion            |       |     3 ||     3
 Stab: Confused          |     3 |     2 ||     5
       Sleeping          |       |     1 ||     1
Armor: Robe              |    17 |    30 ||    47
Dodge: Dodged            |    34 |    45 ||    79

Table legend: (Time is in decaauts)
 A = Elapsed time spent in this place.
 B = Non-inter-level travel time spent in this place.
 C = Inter-level travel time spent in this place.
 D = Time resting spent in this place.
 E = Time spent auto-exploring this place.
 F = Levels seen in this place.
 G = Mean time per level.
                   A        B        C        D        E       F      G
               +--------+--------+--------+--------+--------+-----+--------+
         Total |   4980 |   4896 |     84 |    123 |   3999 |   5 |  996.0 |
       Dungeon |   4763 |   4696 |     67 |     90 |   3869 |   4 | 1190.8 |
        Temple |    217 |    200 |     17 |     33 |    130 |   1 |  217.0 |
               +--------+--------+--------+--------+--------+-----+--------+

Top non-repeatable levels by time:
     D:2: 1687 daAuts
     D:1: 1646 daAuts
     D:3: 1173 daAuts
     D:4: 255 daAuts
  Temple: 217 daAuts
